 Dungeon Crawl Stone Soup version 0.24-a0-530-g18ba70b503 (webtiles) character file.

Game seed: 17708349509994699775

109 BinkBink the Chopper (level 4, -4/54 HPs)
             Began as a Demonspawn Berserker on Aug 7, 2019.
             Was a Believer of Trog.
             Killed by divine providence
             ... invoked by an orc priest
              (9 damage)
             ... on level 3 of the Dungeon.
             The game lasted 00:05:30 (2854 turns).

BinkBink the Chopper (Demonspawn Berserker)         Turns: 2854, Time: 00:05:31

Health: -4/54      AC:  8    Str: 24    XL:     4   Next: 60%
Magic:  4/4        EV: 11    Int:  8    God:    Trog [**....]
Gold:   64         SH:  0    Dex: 12    Spells: 3/3 levels left

rFire    + . .     SeeInvis .   a - +0 hand axe
rCold    . . .     Gourm    .   (no shield)
rNeg     . . .     Faith    .   k - +0 scale mail
rPois    +         Spirit   .   l - +1 hat
rElec    .         Reflect  .   (no cloak)
rCorr    .         Harm     .   (no gloves)
MR       ++...                  (no boots)
Stlth    ..........             (no amulet)
HPRegen  1.18/turn              i - ring of poison resistance
MPRegen  0.09/turn              (no ring)

@: berserking, regenerating, very quick
A: rugged brown scales 1, fire resistance 1
a: Berserk, Trog's Hand, Renounce Religion


You were on level 3 of the Dungeon.
You worshipped Trog.
Trog was pleased with you.
You were not hungry.

You visited 1 branch of the dungeon, and saw 3 of its levels.

You collected 64 gold pieces.

Inventory:

Hand Weapons
 a - a +0 hand axe (weapon)
Armour
 k - a +0 scale mail (worn)
 l - a +1 hat (worn)
Jewellery
 i - a ring of poison resistance (left hand)
Scrolls
 b - a scroll of remove curse {unknown}
 g - a scroll of magic mapping {unknown}
 h - a scroll of amnesia {unknown}
 j - a scroll of identify {unknown}
Potions
 d - a potion of resistance {unknown}
 e - a potion of heal wounds {unknown}
Comestibles
 c - 3 rations


   Skills:
 + Level 3.5 Fighting
 + Level 3.8 Axes
 + Level 2.0 Armour
 + Level 2.7 Dodging
 + Level 0.5 Stealth


You had 3 spell levels left.
You didn't know any spells.
Your spell library was empty.

Dungeon Overview and Level Annotations

Branches:
Dungeon (3/15)

Altars:
The Shining One


Innate Abilities, Weirdness & Mutations

You are partially covered in rugged brown scales. (AC +1, +3% HP)
Your flesh is heat resistant. (rF+)


Message History

You feel yourself moving faster!
You feel mighty!
You feel a lot more hungry.
The orc wizard casts a spell.
The orc wizard flickers and vanishes!
The orc hits you but does no damage.
The orc priest hits you with a +0 hand axe.
* * * LOW HITPOINT WARNING * * *
You barely miss the orc priest.
The orc priest is moderately wounded.
You closely miss the orc.
Your scale mail prevents you from hitting something.
Something hits you but does no damage. The orc hits you but does no damage.
You closely miss the orc priest.
The orc priest is moderately wounded.
You slash the orc!
You kill the orc!
Trog accepts your kill.
Your Armour skill increases to level 2!
Your scale mail prevents you from hitting something.
The orc priest mumbles some strange prayers to Beogh against you.
Beogh smites you!
You die...

............
#............
###......w....#
#........?....# .
###.............#..
.......)g.........
########.#.#.....# .
.......#.#.......#..
.......()o@{......).
#######..#)#.#......
#(##.#..####+
#?##.##o# #.o[....#
####<...# ##...+
#....+ #....#


You could see a worm, an orc priest and a goblin.

Vanquished Creatures
  Terence (D:2)
  2 adders (D:3)
  2 oozes
  2 dart slugs
  9 orcs (D:3)
  A giant cockroach (D:1)
  3 goblins
  6 hobgoblins
  3 jackals (D:2)
  A ball python (D:1)
  5 bats
  2 frilled lizards
  7 kobolds
  6 rats
  2 toadstools (D:1)
52 creatures vanquished.

Vanquished Creatures (others)
  2 toadstools (D:1)
2 creatures vanquished.

Grand Total: 54 creatures vanquished

Notes
Turn   | Place    | Note
-------+----------+-------------------------------------------
     0 | D:1      | BinkBink the Demonspawn Berserker began the quest for the
                  | Orb.
     0 | D:1      | Reached XP level 1. HP: 18/18 MP: 1/1
   458 | D:1      | Gained mutation: You are partially covered in rugged brown
                  | scales. (AC +1, +3% HP) [demonic ancestry]
   458 | D:1      | Reached XP level 2. HP: 12/24 MP: 2/2
  1297 | D:2      | Reached XP level 3. HP: 17/29 MP: 3/3
  1330 | D:2      | Noticed Terence
  1777 | D:2      | Reached ** piety under Trog
  1811 | D:2      | Killed Terence
  2103 | D:2      | Gained mutation: Your flesh is heat resistant. (rF+)
                  | [demonic ancestry]
  2103 | D:2      | Reached XP level 4. HP: 36/36 MP: 4/4
  2280 | D:2      | Found a glowing golden altar of the Shining One.
  2854 | D:3      | Killed from afar by an orc priest

Levels and vault maps discovered:
D:1:      ldierk_water_garden, layout_basic
D:2:      layout_basic, nicolae_tso_carved_into_rock,
          minmay_misc_feat_secret_circle, minivault_14,
          chequers_serial_rivers_small_b, uniq_terence
D:3:      layout_rooms, minitemple, hangedman_abyss_or_decor_stabs,
          kennysheep_generic_room_6

Skill      XL: |  1  2  3  4 |
---------------+-------------+-----
Dodging        | 2 |  2.7
Axes           | 3 |  3.8
Armour         | 2 |  2.0
Fighting       | |  3.5
Stealth        | |  0.5

Action                   |  1- 3 |  4- 6 || total
-------------------------+-------+-------++-------
Melee: Hand axe          |   125 |    57 ||   182
Invok: Berserk           |     1 |     1 ||     2
       Trog's Hand       |       |     2 ||     2
 Stab: Sleeping          |     3 |       ||     3
  Eat: Chunk             |     3 |     3 ||     6
       Ration            |       |     1 ||     1
Armor: Animal skin       |    21 |       ||    21
       Scale mail        |     4 |    23 ||    27
Dodge: Dodged            |    78 |    34 ||   112

Table legend:
 A = Non-vault XP
 B = Vault XP
 C = Vault XP percentage of total XP
 D = Non-vault monster count
 E = Vault monster count
 F = Vault count percentage of total count
                 A         B        C        D         E       F
            +---------+---------+-------+---------+---------+-------
      Total |     125 |      32 |  20.4 |      49 |       1 |   2.0
            +---------+---------+-------+---------+---------+-------
        D:1 |      35 |       0 |   0.0 |      20 |       0 |   0.0
        D:2 |      36 |      32 |  47.1 |      17 |       1 |   5.6
        D:3 |      54 |       0 |   0.0 |      12 |       0 |   0.0
            +---------+---------+-------+---------+---------+-------
